 Dungeon Crawl Stone Soup version 0.28-a0-479-g5baa6b73be (webtiles) character file.

Game seed: 10887994500066004140

194472 robertstho the Warrior (level 18, -32/176 HPs)
             Began as a Minotaur Berserker on Sept 17, 2021.
             Was the Champion of Trog.
             Killed from afar by a deep elf annihilator (73 damage)
             ... with a crystal spear
             ... on level 2 of the Elven Halls.
             The game lasted 00:53:44 (36961 turns).

robertstho the Warrior (Minotaur Berserker)        Turns: 36961, Time: 00:53:45

Health: -32/176    AC: 31    Str: 29    XL:     18   Next: 10%
Magic:  17/17      EV: 12    Int:  5    God:    Trog [******]
Gold:   781        SH: 11    Dex: 10    Spells: 17/17 levels left

rFire   + . .      SeeInvis +   R - +8 mithril axe "Arga" {speed, Will+}
rCold   . . .      Faith    .   A - +0 kite shield "Tanoruth" {rN++ Will+}
rNeg    + + .      Spirit   .   n - +4 plate armour {rF+}
rPois   .          Reflect  .   (helmet unavailable)
rElec   +          Harm     +   N - +0 cloak of the Rambutan {Harm rElec}
rCorr   .          Rampage  +   (no gloves)
Will    +++++                   i - +2 pair of boots
Stlth   ..........              S - amulet "Bealas" {Acrobat Rampage Stlth+}
HPRegen 1.39/turn               m - ring of see invisible
MPRegen 0.15/turn               K - +4 ring of protection

@: strong-willed, on berserk cooldown, regenerating, slowed, very slow
A: horns 3, retaliatory headbutt
a: Renounce Religion, Berserk, Trog's Hand, Brothers in Arms


You were on level 2 of the Elven Halls.
You worshipped Trog.
Trog was exalted by your worship.
You visited 4 branches of the dungeon, and saw 25 of its levels.
You also visited: Bailey, Gauntlet and Desolation.

You collected 3328 gold pieces.
You spent 2547 gold pieces at shops.

Inventory:

Hand Weapons
 d - a +6 antimagic broad axe
 e - a +1 war axe of flaming
 g - the +5 war axe "Faffuk" {protect, rF+ Str+3}
   (You found it in the Desolation of Salt)

   It grants its wielder temporary protection when it strikes (+7 to AC).
   Str:       It affects your strength (+3).
   rF:        It protects you from fire.
 w - the +9 battleaxe of Savaq {flame, Dex+3}
   (Trog gifted it to you in the Desolation of Salt)

   It burns those it strikes, dealing additional fire damage.
   Big, fiery blades are also staple armaments of hydra-hunters.
   Dex:       It affects your dexterity (+3).
 L - the +11 war axe "Besiore" {vorpal, rPois Int+2 Stlth+}
   (You found it on level 1 of the Lair of Beasts)

   It inflicts extra damage upon your enemies.
   Int:       It affects your intelligence (+2).
   rPois:     It protects you from poison.
   Stlth:     It makes you more stealthy.
 R - the +8 mithril axe "Arga" (weapon) {speed, Will+}
   (Trog gifted it to you on level 1 of the Elven Halls)

   Attacks with this weapon are significantly faster.
   Will:      It increases your willpower.
Armour
 i - a +2 pair of boots (worn)
 n - a +4 plate armour of fire resistance (worn)
 z - the +0 chain mail of Koiciaxt {rCorr Dex+5}
   (You bought it in a shop on level 2 of the Orcish Mines)

   Dex:       It affects your dexterity (+5).
   rCorr:     It protects you from acid and corrosion.
 A - the +0 kite shield "Tanoruth" (worn) {rN++ Will+}
   (You found it on level 6 of the Dungeon)

   rN:        It greatly protects you from negative energy.
   Will:      It increases your willpower.
 N - the +0 cloak of the Rambutan (worn) {Harm rElec}
   (You bought it in a shop on level 2 of the Orcish Mines)

   rElec:     It insulates you from electricity.
   Harm:      It increases damage dealt and taken.
 T - a +0 plate armour of cold resistance
 U - the +2 pair of gloves of the Stone Wall {Int+5}
   (You found it in the Desolation of Salt)

   Int:       It affects your intelligence (+5).
Jewellery
 m - a ring of see invisible (left hand)
 q - a +6 ring of strength
 G - a ring of protection from fire
 H - an amulet of guardian spirit
 K - a +4 ring of protection (right hand)
 O - a ring of fire
 Q - the ring of the Death Scarab {rPois Will+}
   (You found it in the Desolation of Salt)

   [ring of willpower]

   rPois:     It protects you from poison.
   Will:      It increases your willpower.
 S - the amulet "Bealas" (around neck) {Acrobat Rampage Stlth+}
   (You found it in a Gauntlet)

   [amulet of the acrobat]

   It increases your evasion while moving and waiting.
   Rampage:   It bestows one free step when moving towards enemies.
   Stlth:     It makes you more stealthy.
Wands
 x - a wand of acid (6)
 y - a wand of iceblast (49)
 J - a wand of digging (4)
 V - a wand of mindburst (26)
Scrolls
 a - 10 scrolls of enchant weapon
 b - 4 scrolls of fear
 k - 5 scrolls of summoning
 l - 5 scrolls of immolation
 p - 16 scrolls of teleportation
 r - 12 scrolls of enchant armour
 t - 5 scrolls of fog
 v - a scroll of magic mapping
 D - 3 scrolls of blinking
 M - a scroll of holy word
 W - 3 scrolls of identify
Potions
 c - 4 potions of ambrosia
 f - 7 potions of mutation
 h - 4 potions of flight
 j - 4 potions of cancellation
 o - 4 potions of might
 u - 5 potions of invisibility
 B - 2 potions of berserk rage
 C - a potion of heal wounds
 E - 4 potions of resistance
 F - 9 potions of curing
 P - 2 potions of haste
Miscellaneous
 s - a condenser vane
 I - a box of beasts
 Z - a phantom mirror


   Skills:
 * Level 19.1 Fighting
 + Level 17.9 Axes
 * Level 17.8 Armour
 * Level 14.0 Dodging
 + Level 3.5 Stealth
 + Level 12.4 Shields
 + Level 2.7 Evocations


You had 17 spell levels left.
You didn't know any spells.
Your spell library was empty.

Dungeon Overview and Level Annotations

Branches:
Dungeon (15/15)            Temple (0/1) D:4            Lair (6/6) D:11
 Shoals (0/4) Lair:4        Snake (0/4) Lair:2        Slime (0/5) Lair:6
    Orc (2/2) D:9             Elf (2/3) Orc:2        Vaults (0/5) D:13
 Depths (0/5) D:15         Bailey (visited)         Desolation (visited)
Gauntlet (visited)

Altars:
Dithmenos
Fedhas
Gozag
Makhleb
Okawaru
Sif Muna
Vehumet
Xom
Zin
The Shining One
Beogh

Shops:
D:3 =   D:9 ?   D:14 :   D:15 ![[   Orc:2 :[*[

Annotations:
D:5 2 transporters, CraigForest's ghost, weakling VSDe
D:6 5 runed translucent doors
D:14 3 runed translucent doors, Pocvaraige's ghost, journeyman TrMo
D:15 1168 shield
Lair:3 3 runed translucent doors, Berder's ghost, novice SpGl


Innate Abilities, Weirdness & Mutations

You have a pair of large horns on your head.
You reflexively headbutt those who attack you in melee.


Message History

The deep elf zephyrmancer casts a spell.
The deep elf zephyrmancer blinks!
The deep elf knight gestures at you while chanting.
The shard of ice hits you but does no damage.
The deep elf zephyrmancer moves out of view.
You are no longer berserk.
You are exhausted.
You feel yourself slow down.
A deep elf zephyrmancer comes into view.
It is wielding a +0 long sword.
You feel much better. The deep elf knight barely misses you.
The deep elf archer shoots an arrow.
The arrow hits your deep troll!!
The deep elf archer unwields a +0 dagger.
The deep elf archer wields a +0 shortbow.
The deep elf archer shoots an arrow.
The arrow hits you!
* * * LOW HITPOINT WARNING * * *
Something hits your deep troll!!
Your deep troll dies!
Your deep troll's corpse disappears in a puff of smoke!
The deep elf knight hits you but does no damage.
You feel much better.
A water elemental comes into view.
The deep elf knight gestures at you while chanting.
The lance of force hits you.
* * * LOW HITPOINT WARNING * * *
You are knocked back by the lance of force.
You collide with the +4 long sword of draining!
The +4 long sword of draining falls from the air.
The deep elf archer shoots an arrow.
The arrow hits you but does no damage.
Your skin crawls.
You feel strong-willed.
The deep elf knight gestures at you while chanting.
The shard of ice misses you.
The shard of ice hits the deep elf annihilator!!
The deep elf archer unwields a +0 dagger.
The deep elf archer wields a +0 shortbow.
The deep elf archer shoots an arrow.
The arrow hits you.
* * * LOW HITPOINT WARNING * * *
The deep elf annihilator gestures at you while chanting.
The crystal spear hits you!!!
You die...

*,**####'#.....#*...,,,,,,*
***,,,,..#.#.....##e#********
,,,****#.#........#e# **,**
#.#...$....#.#
**,**##......(e..e.#
*,,*#...E..e.))e###
**,,*#.......e##.#
**,*,*#.#!.#..))#.#
,,,*,,,,#.......@.#
**,,,,,,###...##.e#
******,,,#...#...#
**,**#...###.# *
*,,*.......#e##
*****#.,#..###..#e.#
,**,*#..####.####..#*******
*,,*,............#.......,*
*,***,####...######......,*


You could see a deep elf annihilator, 3 deep elf archers, a deep elf knight, a
water elemental and 2 deep elf zephyrmancers.

Vanquished Creatures
  Rupert (Lair:6)
  Kirke (Lair:4)
  Agnes (D:14)
  The ghost of Pooter the Marksminotaur, an adept MiBe of Trog (Elf:1)
  An orc warlord (Orc:2)
  2 imperial myrmidons (Desolation)
  The ghost of ryw the Warrior, an adept GrFi of Okawaru (Elf:1)
  A deep elf sorcerer (Elf:2)
  A minotaur (Gauntlet)
  3 halazid warlocks (Desolation)
  Snorg (Lair:4)
  A deep elf death mage (Elf:1)
  A crystal guardian (Desolation)
  An ettin (Orc:2)
  3 fire dragons
  5 ragged hierophants (Desolation)
  A boulder beetle (Lair:5)
  Harold (D:8)
  10 hydras
  2 vault guards (D:13)
  8 peacekeepers (Desolation)
  A catoblepas (D:15)
  4 centaur warriors
  5 servants of whispers (Desolation)
  4 two-headed ogres
  3 dancing weapons
  4 orc high priests (Orc:2)
  Sonja (Lair:2)
  3 deep elf knights
  Nergalle (D:11)
  2 fire crabs
  An orange crystal statue (Elf:1)
  A harpy (D:10)
  5 orc knights
  An ironbound convoker (Desolation)
  Pikel (D:5)
  2 deep elf archers (Elf:1)
  5 large abominations
  6 deep elf zephyrmancers
  A wolf spider (D:15)
  8 deep elf pyromancers
  19 ugly things
  4 oklob plants (Lair:6)
  5 orc sorcerers (Orc:2)
  A manticore (D:13)
  8 cyclopes
  Maurice (D:8)
  Joseph (D:7)
  A moth of wrath (Gauntlet)
  5 guardian serpents (Desolation)
  6 black mambas
  3 molten gargoyles (Lair:6)
  21 elephants
  A merfolk siren (Lair:4)
  Psyche (D:8)
  2 torpor snails
  An unseen horror (D:11)
  Maggie (D:7)
  5 cane toads
  A gargoyle (D:13)
  8 rime drakes
  12 komodo dragons
  A tengu conjurer (D:10)
  A meliai (shapeshifter) (D:15)
  2 burning bushes (Lair:6)
  7 trolls
  Grinder (D:3)
  A queen bee (D:11)
  A polar bear (Lair:3)
  4 merfolk
  A troll (shapeshifter) (Elf:1)
  2 hornets
  28 blink frogs
  10 slime creatures
  53 saltlings (Desolation)
  Prince Ribbit (D:5)
  11 dream sheep (Lair:6)
  6 flying skulls (Gauntlet)
  A shadow (D:11)
  4 vampires
  54 yaks
  2 air elementals
  A wraith (D:12)
  A water elemental (Elf:1)
  7 fire bats
  Sigmund (D:3)
  4 wyverns
  4 fire elementals
  5 hogs (Lair:4)
  8 basilisks
  Grum (D:8)
  6 small abominations (Gauntlet)
  6 wargs
  20 vampire mosquitoes
  5 steam dragons
  3 acid dragons
  4 hell hounds (Lair:6)
  25 water moccasins
  2 ice beasts
  47 orc warriors
  4 black bears
  7 ogres
  3 boggarts (D:14)
  34 wolves
  15 centaurs
  A lemure (D:5)
  4 kobold brigands
  A phantom (D:5)
  5 elf zombies (Elf:1)
  An earth elemental (Elf:1)
  9 bullfrogs
  A wyvern zombie (D:4)
  2 scorpions
  5 gnoll sergeants
  A water moccasin zombie (D:7)
  36 killer bees
  5 wights
  3 howler monkeys
  An electric eel (Lair:1)
  4 lava snakes (Lair:6)
  A crimson imp (D:3)
  A quasit (D:5)
  5 centaur zombies
  2 hounds
  29 orc priests
  2 bullfrog skeletons
  An iguana (D:5)
  16 orc wizards
  Natasha (twice) (D:2)
  13 hell rats
  A killer bee zombie (D:4)
  A hound skeleton (D:4)
  2 howler monkey zombies
  15 gnolls
  2 howler monkey skeletons (D:7)
  13 adders
  5 river rats (Lair:4)
  5 white imps
  An ufetubus (D:7)
  2 adder skeletons
  A worm (D:4)
  3 dart slugs
  126 orcs
  5 bats
  5 endoplasms
  3 giant cockroaches
  7 hobgoblins
  4 jackals (D:1)
  3 quokkas
  8 ball pythons
  3 frilled lizards (D:2)
  9 goblins
  A goblin zombie (D:5)
  2 hobgoblin zombies (D:5)
  13 kobolds
  2 kobold zombies (D:5)
  5 orc skeletons (D:5)
  An orc zombie (D:5)
  8 rats
  A bush (Lair:6)
1025 creatures vanquished.

Vanquished Creatures (collateral kills)
  A boulder beetle (D:11)
  2 vault guards (D:13)
  2 orc knights (Bailey)
  3 yaks (D:11)
  A wraith (D:11)
  2 wyverns (D:11)
  4 orc warriors
  A wolf (D:11)
  3 centaurs (D:11)
  An orc priest (Orc:2)
  3 orcs
23 creatures vanquished.

Vanquished Creatures (others)
  A dancing weapon (Elf:2)
  A shadow (D:13)
  A wyvern (Lair:6)
  A human (Lair:4)
  An orc (D:8)
  3 bushes (D:11)
  23 fungi
  A pillar of salt (Desolation)
  63 plants
  9 withered plants
104 creatures vanquished.

Grand Total: 1152 creatures vanquished

Notes
Turn   | Place    | Note
-------+----------+-------------------------------------------
     0 | D:1      | robertstho the Minotaur Berserker began the quest for the
                  | Orb.
     0 | D:1      | Reached XP level 1. HP: 19/19 MP: 0/0
    78 | D:1      | Reached skill level 4 in Fighting
   100 | D:1      | Reached XP level 2. HP: 27/27 MP: 1/1
   122 | D:1      | Found a faded altar of an unknown god.
   567 | D:2      | Reached XP level 3. HP: 32/34 MP: 2/2
   567 | D:2      | Reached ** piety under Trog
   687 | D:2      | Found a glowing silver altar of Zin.
   973 | D:2      | Noticed Natasha
   987 | D:2      | Killed Natasha
   988 | D:2      | Reached XP level 4. HP: 24/41 MP: 3/3
  1256 | D:2      | Reached skill level 5 in Fighting
  1462 | D:2      | Noticed Natasha
  1467 | D:2      | Killed Natasha
  1468 | D:2      | Reached XP level 5. HP: 48/48 MP: 4/4
  1510 | D:3      | Reached skill level 5 in Axes
  1622 | D:3      | Noticed Grinder
  1625 | D:3      | Paralysed by Grinder for 6 turns
  1640 | D:3      | Killed Grinder
  1641 | D:3      | Reached XP level 6. HP: 11/56 MP: 5/5
  1972 | D:3      | Found Wuat Ygh's Jewellery Boutique.
  2024 | D:3      | Found a burning altar of Makhleb.
  2028 | D:3      | Found a radiant altar of Vehumet.
  2140 | D:3      | Reached skill level 5 in Armour
  2286 | D:3      | Noticed Sigmund
  2292 | D:3      | Killed Sigmund
  2293 | D:3      | Reached XP level 7. HP: 62/62 MP: 6/6
  2498 | D:3      | Reached skill level 1 in Stealth
  3048 | D:4      | Reached *** piety under Trog
  3257 | D:4      | Found a shadowy altar of Dithmenos.
  3319 | D:4      | Reached skill level 6 in Fighting
  3593 | D:4      | Found a staircase to the Ecumenical Temple.
  3747 | D:4      | Reached XP level 8. HP: 52/70 MP: 7/7
  4465 | D:5      | Entered Level 5 of the Dungeon
  4466 | D:5      | Found a glowing golden altar of the Shining One.
  4543 | D:5      | Noticed Prince Ribbit
  4546 | D:5      | Killed Prince Ribbit
  4635 | D:5      | Found a transporter.
  4636 | D:5      | Noticed CraigForest's ghost (weakling VSDe)
  4653 | D:5      | Noticed Pikel
  4661 | D:5      | Killed Pikel
  4662 | D:5      | Reached skill level 7 in Fighting
  4818 | D:5      | Found a transporter.
  4884 | D:5      | Reached skill level 5 in Dodging
  5003 | D:5      | Found an opulent altar of Gozag.
  5128 | D:5      | Reached XP level 9. HP: 76/80 MP: 8/8
  5671 | D:6      | Reached **** piety under Trog
  5962 | D:6      | Found a runed translucent gate.
  5966 | D:6      | Found a runed translucent gate.
  5966 | D:6      | Found a runed translucent gate.
  5973 | D:6      | Found a runed translucent door.
  5982 | D:6      | Found the +9 staff of Olgreb {rPois∞}
  5990 | D:6      | Found a runed translucent door.
  6194 | D:6      | Identified the +0 kite shield "Tanoruth" {rN++ Will+}
  6442 | D:6      | Found a shimmering altar of Xom.
  6447 | D:6      | Reached skill level 8 in Fighting
  6520 | D:6      | Identified a scroll of acquirement
  6521 | D:6      | Acquired 819 gold pieces
  7359 | D:7      | Noticed Joseph
  7378 | D:7      | Killed Joseph
  7379 | D:7      | Reached skill level 10 in Armour
  7379 | D:7      | Reached skill level 1 in Shields
  7661 | D:7      | Noticed Maggie
  7668 | D:7      | Killed Maggie
  7675 | D:7      | Reached XP level 10. HP: 57/90 MP: 9/9
  7680 | D:7      | Found a glowing silver altar of Zin.
  7920 | D:7      | Reached skill level 9 in Fighting
  7981 | D:7      | Paralysed by a hornet for 2 turns
  8816 | D:8      | Noticed Harold
  8826 | D:8      | Killed Harold
  8827 | D:8      | Reached skill level 10 in Axes
  8843 | D:8      | Found a flagged portal.
  8860 | Bailey   | Entered a bailey
  9181 | Bailey   | Reached ***** piety under Trog
  9897 | Bailey   | Noticed an orc knight
  9899 | Bailey   | Reached skill level 10 in Fighting
  9899 | Bailey   | Reached XP level 11. HP: 101/101 MP: 10/10
  9901 | Bailey   | Noticed an orc knight
  9901 | Bailey   | Noticed an orc knight
  9904 | Bailey   | Killed an orc knight
  9910 | Bailey   | Killed an orc knight
  9914 | Bailey   | Killed an orc knight
  9915 | Bailey   | Reached skill level 5 in Shields
 10169 | D:8      | Noticed Grum
 10182 | D:8      | Killed Grum
 10196 | D:8      | Reached skill level 11 in Fighting
 10451 | D:8      | Noticed Psyche
 10456 | D:8      | Reached XP level 12. HP: 87/110 MP: 11/11
 10466 | D:8      | Killed Psyche
 10754 | D:8      | Noticed Maurice
 10770 | D:8      | Killed Maurice
 10953 | D:9      | Found a staircase to the Orcish Mines.
 11099 | D:9      | Found an iron altar of Okawaru.
 11106 | D:9      | Found a blossoming altar of Fedhas.
 11830 | D:9      | Found Jaateah's Magic Scroll Emporium.
 11849 | D:9      | Bought a scroll of teleportation for 45 gold pieces
 11849 | D:9      | Bought a scroll of holy word for 112 gold pieces
 11849 | D:9      | Bought a scroll of identify for 30 gold pieces
 11849 | D:9      | Bought a scroll of identify for 30 gold pieces
 11849 | D:9      | Bought a scroll of teleportation for 45 gold pieces
 11909 | D:10     | Entered Level 10 of the Dungeon
 12156 | D:10     | Paralysed by a hornet for 1 turns
 12419 | D:10     | Received a gift from Trog
 13798 | D:11     | Reached skill level 12 in Fighting
 13869 | D:11     | Noticed a boulder beetle
 13899 | D:11     | Killed a boulder beetle
 13917 | D:11     | Found a staircase to the Lair.
 14376 | D:11     | Noticed Nergalle
 14391 | D:11     | Killed Nergalle
 14392 | D:11     | Reached XP level 13. HP: 119/119 MP: 12/12
 16031 | D:12     | Received a gift from Trog
 16038 | D:12     | Reached skill level 10 in Dodging
 16135 | D:12     | Found a shimmering blue altar of Sif Muna.
 16232 | D:12     | Reached skill level 13 in Fighting
 17450 | D:13     | Found a gate to the Vaults.
 18869 | D:14     | Noticed a fire dragon
 18887 | D:14     | Killed a fire dragon
 19255 | D:14     | Reached skill level 15 in Armour
 19939 | D:14     | Reached skill level 14 in Fighting
 20075 | D:14     | Found Jeozioj's Book Shoppe.
 20097 | D:14     | Found a runed translucent gate.
 20097 | D:14     | Found a runed translucent gate.
 20097 | D:14     | Found a runed translucent gate.
 20101 | D:14     | Noticed Pocvaraige's ghost (journeyman TrMo)
 20243 | D:14     | Noticed Agnes
 20257 | D:14     | Killed Agnes
 20258 | D:14     | Reached XP level 14. HP: 31/132 MP: 13/13
 20892 | D:15     | Entered Level 15 of the Dungeon
 21222 | D:15     | Found Exudab's Armour Boutique.
 21288 | D:15     | Found Teafem's Distillery.
 21294 | D:15     | Found Ymniw's Antique Armour Shop.
 21393 | D:15     | Bought a potion of heal wounds for 85 gold pieces
 21393 | D:15     | Bought a potion of curing for 51 gold pieces
 21393 | D:15     | Bought a potion of curing for 51 gold pieces
 21393 | D:15     | Bought a potion of experience for 850 gold pieces
 21393 | D:15     | Bought a potion of heal wounds for 85 gold pieces
 21393 | D:15     | Reached XP level 15. HP: 139/139 MP: 14/14
 21402 | D:15     | Bought a shimmering chain mail for 266 gold pieces
 21402 | D:15     | Identified the +8 chain mail of Fanaticism {Str+3 Dex+3}
                  | (You bought it in a shop on level 15 of the Dungeon)
 21457 | D:15     | HP: 6/139 [enormous slime creature (73)]
 22047 | D:15     | Found a staircase to the Depths.
 22846 | Lair:1   | Entered Level 1 of the Lair of Beasts
 22877 | Lair:1   | Identified the +11 war axe "Besiore" {vorpal, rPois Int+2
                  | Stlth+}
 23350 | Lair:1   | Reached skill level 15 in Fighting
 23551 | Lair:1   | Reached skill level 10 in Shields
 24028 | Lair:2   | Found a gate leading to a gauntlet.
 24038 | Gauntlet | Entered a Gauntlet
 24038 | Gauntlet | Found a transporter.
 24038 | Gauntlet | Found a transporter.
 24038 | Gauntlet | Found a transporter.
 24039 | Gauntlet | Found a transporter.
 24042 | Gauntlet | Found a transporter.
 24055 | Gauntlet | Found a transporter.
 24056 | Gauntlet | Found a transporter.
 24061 | Gauntlet | Found a transporter.
 24082 | Gauntlet | Found a transporter.
 24083 | Gauntlet | Found a transporter.
 24097 | Gauntlet | Noticed an iron dragon
 24097 | Gauntlet | a dire elephant changed into an iron dragon
 24098 | Gauntlet | Noticed a frost giant
 24098 | Gauntlet | an iron dragon changed into a frost giant
 24099 | Gauntlet | Noticed a fenstrider witch
 24099 | Gauntlet | a frost giant changed into a fenstrider witch
 24104 | Gauntlet | a fenstrider witch changed into an iron troll
 24105 | Gauntlet | Noticed a frost giant
 24105 | Gauntlet | an iron troll changed into a frost giant
 24108 | Gauntlet | Noticed a sphinx
 24108 | Gauntlet | a frost giant changed into a sphinx
 24152 | Gauntlet | Found a transporter.
 24182 | Gauntlet | Found a transporter.
 24300 | Gauntlet | Identified the +1 robe of Tender Moments {+Inv rN+ Will+
                  | MP+9}
 24304 | Gauntlet | Identified the amulet "Bealas" {Acrobat Rampage Stlth+}
 24446 | Gauntlet | Received a gift from Trog
 24904 | Lair:2   | Reached skill level 15 in Axes
 25180 | Lair:2   | Noticed Sonja
 25192 | Lair:2   | Killed Sonja
 25291 | Lair:2   | Found a staircase to the Snake Pit.
 25601 | Lair:3   | Found a runed translucent gate.
 25601 | Lair:3   | Found a runed translucent gate.
 25602 | Lair:3   | Found a runed translucent gate.
 25871 | Lair:3   | Received a gift from Trog
 26571 | Lair:3   | Noticed Berder's ghost (novice SpGl)
 26848 | Lair:4   | Noticed Kirke
 26861 | Lair:4   | Killed Kirke
 26862 | Lair:4   | Reached XP level 16. HP: 142/151 MP: 15/15
 26923 | Lair:4   | Found a staircase to the Shoals.
 27052 | Lair:4   | Reached skill level 16 in Fighting
 27342 | Lair:5   | Noticed Snorg
 27374 | Lair:4   | Killed Snorg
 27661 | Lair:5   | Identified the +11 broad axe of Ixteanoc {vorpal, Dex+2}
                  | (Trog gifted it to you on level 5 of the Lair of Beasts)
 27661 | Lair:5   | Received a gift from Trog
 29041 | Lair:6   | Entered Level 6 of the Lair of Beasts
 29207 | Lair:6   | Noticed Rupert
 29219 | Lair:6   | Killed Rupert
 29562 | Lair:6   | Found a staircase to the Slime Pits.
 29570 | Lair:6   | Received a gift from Trog
 29990 | Lair:6   | Reached skill level 17 in Fighting
 30060 | Lair:6   | Found a large runed translucent door.
 30121 | Lair:6   | Found a large runed translucent door.
 30988 | Orc:1    | Entered Level 1 of the Orcish Mines
 31147 | Orc:2    | Entered Level 2 of the Orcish Mines
 31194 | Orc:2    | Received a gift from Trog
 31615 | Orc:2    | Found Xaetsarph's Book Boutique.
 31668 | Orc:2    | Found Wibbomoa's Armour Shop.
 31933 | Orc:2    | Reached XP level 17. HP: 161/161 MP: 16/16
 32109 | Orc:2    | Found a staircase to the Elven Halls.
 32216 | Orc:2    | Reached ****** piety under Trog
 32400 | Orc:2    | Received a gift from Trog
 32558 | Orc:2    | Found Mubat's Assorted Antiques.
 32737 | Orc:2    | Bought a potion of curing for 81 gold pieces
 32766 | Orc:2    | Gained mutation: You have a pair of large horns on your
                  | head. [a neqoxec]
 32966 | Orc:2    | Found Ilaiwk's Antique Armour Emporium.
 33035 | Orc:2    | Bought a shimmering cloak for 228 gold pieces
 33035 | Orc:2    | Identified the +0 cloak of the Rambutan {Harm rElec} (You
                  | bought it in a shop on level 2 of the Orcish Mines)
 33035 | Orc:2    | Bought a pair of glowing boots for 180 gold pieces
 33035 | Orc:2    | Bought a heavily runed chain mail for 228 gold pieces
 33035 | Orc:2    | Identified the +0 chain mail of Koiciaxt {rCorr Dex+5} (You
                  | bought it in a shop on level 2 of the Orcish Mines)
 33035 | Orc:2    | Bought a pair of glowing gloves for 180 gold pieces
 34027 | Elf:1    | Entered Level 1 of the Elven Halls
 34201 | Elf:1    | Identified the +6 war axe of Adiquese {flame, rF- rC+++
                  | Str+7 Dex-5}
 34241 | Elf:1    | Found a runed translucent gate.
 34241 | Elf:1    | Found a runed translucent gate.
 34241 | Elf:1    | Found a runed translucent gate.
 34358 | Elf:1    | Reached skill level 18 in Fighting
 34420 | Elf:1    | Noticed ryw's ghost (adept GrFi)
 34420 | Elf:1    | Noticed Pooter's ghost (adept MiBe)
 34541 | Elf:1    | Paralysed by an air elemental for 1 turns
 34906 | Elf:1    | Received a gift from Trog
 34906 | Elf:1    | Found the +8 mithril axe "Arga" {speed, Will+}
 35178 | Elf:1    | Killed ryw's ghost
 35183 | Elf:1    | Killed Pooter's ghost
 35382 | Elf:2    | Found a crumbling gateway.
 35384 | Elf:2    | Paralysed by an air elemental for 1 turns
 35386 | Elf:2    | Paralysed by an air elemental for 1 turns
 35387 | Desolati | Entered the Desolation of Salt
 35999 | Desolati | Identified the +2 pair of gloves of the Stone Wall {Int+5}
 36013 | Desolati | Identified the +5 war axe "Faffuk" {protect, rF+ Str+3}
 36340 | Desolati | Identified the ring of the Death Scarab {rPois Will+}
 36354 | Desolati | Identified the +7 trident of the Two Names {vamp, rN+
                  | rCorr}
 36458 | Desolati | Reached skill level 19 in Fighting
 36470 | Desolati | Identified the +9 battleaxe of Savaq {flame, Dex+3} (Trog
                  | gifted it to you in the Desolation of Salt)
 36470 | Desolati | Received a gift from Trog
 36580 | Desolati | Reached XP level 18. HP: 164/176 MP: 17/17
 36961 | Elf:2    | Killed from afar by a deep elf annihilator

Illustrated notes

Levels and vault maps discovered:
D:1:      psy_arrival_statuary, layout_rooms,
          shapermc_ecumenical_altar_acropolis, dk_noncrumbling_3,
          hangedman_decor_points, minmay_misc_feat_cross
D:2:      layout_basic, basic_altar, uniq_natasha
D:3:      layout_loops_corners, grunt_temple_overflow_lords_of_destruction,
          serial_shops, nicolae_shop_stone, uniq_grinder, uniq_sigmund
D:4:      layout_basic, nicolae_dithmenos_shadow_blocks,
          minmay_temple_entry_enclosed_plants, grunt_ministairs_12
D:5:      layout_loops_cross, nicolae_tso_besieged_by_evil, marbit_many_paths,
          gammafunk_ghost_mausoleum, corexii_shack,
          eino_small_chamber_without_monster, uniq_prince_ribbit1, uniq_pikel
D:6:      layout_loops_ring, lemuel_round_altar,
          minmay_guarded_unrand_staff_of_olgreb
D:7:      minmay_thinvault, layout_layer_cave, lemuel_coloured_pillars_altar,
          uniq_joseph, uniq_maggie
D:8:      layout_basic, enter_bailey_3, uniq_grum, uniq_harold, uniq_maurice,
          uniq_psyche
D:9:      layout_roguey, fedhas_bush_and_centaur_altar,
          okawaru_metal_pillars_1_2, david_orc_1_choice, serial_shops,
          nicolae_square_shop
D:10:     nzn_winding_woodlands_medium [nzn_winding_woodlands_5x5_checkerboard,
          nzn_winding_woodlands_5x15_eye, nzn_winding_woodlands_5x5_closed_star,
          nzn_winding_woodlands_5x5_cross,
          nzn_winding_woodlands_center_diamonds,
          nzn_winding_woodlands_5x5_default, nzn_winding_woodlands_5x5_three,
          nzn_winding_woodlands_5x15_pathside_ponds,
          nzn_winding_woodlands_5x5_perimeter], layout_loops_ring
D:11:     layout_roguey [special_room_bee], minmay_lair_entry_grove,
          uniq_nergalle
D:12:     layout_stronghold, serial_column_ruins, column_ruins_hut_ruined,
          column_ruins_hut, column_ruins_open_large, column_ruins_grid_1,
          column_ruins_grid_1, column_ruins_grid_1, column_ruins_open_large,
          nicolae_sif_muna_condensation
D:13:     layout_gridville, lightli_vaults_fourway_checkpoint
D:14:     layout_cave_pods, serial_shops, nicolae_shop_behind_doors,
          infiniplex_staircase_pillars_3b, biasface_ghost_orc_armoury,
          minmay_unpleasant_kobolds, uniq_agnes
D:15:     hangedman_depths_entry_try_elsewhere_first, layout_basic,
          serial_shops, shop, shop, nicolae_inconvenience_store,
          serial_bayou_pond_d, hangedman_decor_riveting
Lair:1:   dragon1_lemuel, layout_small_grid, grunt_megastairs_5,
          serial_bayou_shore_a
Lair:2:   layout_hall_layers, dummy_snake_entry, gauntlet_entry_generic,
          special_room, nicolae_volcano_entry_batcave, beast_lair_carwin_5,
          uniq_sonja
Lair:3:   layout_regular_city, ebering_ghost_rock_garden, serial_forest,
          infiniplex_forest_side_room, infiniplex_forest_clump_double,
          infiniplex_forest_clump_long, infiniplex_forest_straight_5,
          infiniplex_forest_straight_3, infiniplex_forest_clump_long,
          infiniplex_forest_side_room
Lair:4:   layout_long_grid, elwin_shoals_entry_stream,
          kennysheep_abandoned_house, uniq_kirke
Lair:5:   layout_gridlike, uniq_snorg
Lair:6:   cheibrodos_lair_end_hotspot, layout_long_grid,
          minmay_slime_entry_oklob_enclosed, evilmike_ambush
          [evilmike_ambush_outer_corners, evilmike_ambush_inner_basic],
          lemuel_fruit_tree, uniq_rupert
Orc:1:    layout_caves, basic_altar, mines5_lemuel
Orc:2:    pubby_orc_utopia
Elf:1:    eino_elf_arrival_the_gate, layout_geoelf_octagon,
          gammafunk_ghost_cemetery, minmay_elf_necromancy, grunt_ministairs_1,
          serial_sigils_hangedman_shear, drop_trap, minivault_15
Elf:2:    nicolae_elf_blades_crystal_corner, layout_loops_corners,
          portal_ice_cave_entry_ice_statue_two, portal_desolation_entry_ruin,
          guppyfry_elf_castle

Skill      XL: |  1  2  3  4  5  6  7  8  9 10 11 12 13 14 15 16 17 18 |
---------------+-------------------------------------------------------+-----
Fighting       | 4 5 6 7 8 10 11 12 14 15 17 19 | 19.1
Axes           | 4 5 6 7 8 9 11 12 13 14 15 16 17 | 17.9
Armour         | 3 4 5 6 8 10 12 14 15 16 17 | 17.8
Dodging        | 3 4 5 6 8 9 10 11 12 13 14 | 14.0
Stealth        | 1 2 3 |  3.5
Shields        | 1 4 6 7 9 10 11 12 | 12.4
Evocations     | 2 |  2.7

Action                   |  1- 3 |  4- 6 |  7- 9 | 10-12 | 13-15 | 16-18 || total
-------------------------+-------+-------+-------+-------+-------+-------++-------
Melee: Hand axe          |     7 |       |   227 |   537 |   297 |       ||  1068
       Headbutt          |     8 |     8 |    58 |   118 |   210 |   249 ||   651
       War axe           |    36 |    61 |    38 |       |   615 |   709 ||  1459
       Broad axe         |       |       |       |       |       |   275 ||   275
Invok: Berserk           |     1 |     4 |     7 |    16 |    12 |    11 ||    51
       Brothers in Arms  |       |       |       |     4 |     3 |     4 ||    11
       Trog's Hand       |       |       |       |       |     2 |     1 ||     3
Evoke: Wand              |       |       |       |     3 |     2 |       ||     5
  Use: Scroll            |       |       |     7 |     9 |     6 |     5 ||    27
       Potion            |       |       |       |     5 |     8 |     3 ||    16
 Stab: Sleeping          |       |       |       |       |     1 |       ||     1
Armor: Animal skin       |     2 |       |       |       |       |       ||     2
       Chain mail        |    22 |    44 |    84 |   248 |   326 |   217 ||   941
       Plate armour      |       |       |    63 |   124 |    78 |   133 ||   398
       Skin              |       |       |       |       |    69 |       ||    69
Dodge: Dodged            |    20 |    25 |   103 |   221 |   329 |   379 ||  1077
Block: Kite shield       |       |       |    27 |   297 |   418 |   409 ||  1151

Table legend: (Time is in decaauts)
 A = Elapsed time spent in this place.
 B = Non-inter-level travel time spent in this place.
 C = Inter-level travel time spent in this place.
 D = Time resting spent in this place.
 E = Time spent auto-exploring this place.
 F = Levels seen in this place.
 G = Mean time per level.
                   A        B        C        D        E       F      G
               +--------+--------+--------+--------+--------+-----+--------+
         Total |  37035 |  35338 |   1697 |   6147 |  23639 |  28 | 1322.7 |
       Dungeon |  21954 |  21046 |    908 |   4144 |  14027 |  15 | 1463.6 |
          Lair |   7433 |   6991 |    442 |   1185 |   4689 |   6 | 1238.8 |
  Orcish Mines |   2990 |   2729 |    261 |      0 |   2208 |   2 | 1495.0 |
   Elven Halls |   1359 |   1274 |     85 |      0 |   1046 |   2 |  679.5 |
        Bailey |   1210 |   1210 |      0 |    673 |    267 |   1 | 1210.0 |
    Desolation |   1438 |   1438 |      0 |      6 |   1097 |   1 | 1438.0 |
      Gauntlet |    648 |    648 |      0 |    138 |    303 |   1 |  648.0 |
               +--------+--------+--------+--------+--------+-----+--------+

Top non-repeatable levels by time:
   Orc:2: 2386 daAuts
    D:14: 2331 daAuts
    D:12: 2158 daAuts
     D:7: 2063 daAuts
    D:13: 1954 daAuts
    D:10: 1804 daAuts
  Lair:6: 1697 daAuts
     D:3: 1553 daAuts
     D:4: 1552 daAuts
    D:11: 1494 daAuts
Desolation: 1438 daAuts
  Lair:4: 1354 daAuts
   Elf:1: 1312 daAuts
    D:15: 1266 daAuts
  Bailey: 1210 daAuts
